cohdb
Replays
Latest Replays
All Replays
Popular Replays
Top Player Replays
Match Explorer
How It Works
Community
CoH3 Stats
Reddit
Sign in to upload your games and track your stats! →
Sign in with Steam
Match 47002397
Unlisted
Match 47002397
Overview
Messages
Build Orders
End
Construct Infanterie Kompanie
Grenadier Squad
Grenadier Squad
Grenadier Squad
Construct Panzergrenadier Kompanie
Infanterie Officer Quarters
Panzergrenadier Squad
Pak 40 Anti-tank Gun Team
Support Elements
Nebelwerfer 42 Rocket Launcher Team
Selects Terror Battlegroup
Selects Contempt for the Weak
Panzergrenadier Officer Quarters
Selects Propaganda Leaflet Drop
Construct Panzer Kompanie
Stoßtruppen Squad
Stoßtruppen Squad
Selects V1 Rocket Strike
Selects Machine Gun Camouflage
V1 Rocket Strike
Panzer IV Medium Tank
Panzer Officer Quarters
V1 Rocket Strike
Selects Defend the Fatherland
Propaganda Leaflet Drop
Repair Bunker
Side Skirts
V1 Rocket Strike
Medical Station
StuG III G Assault Gun
StuG III G Assault Gun
V1 Rocket Strike
Pioneer Squad
Selects King Tiger Heavy Tank
Repair Bunker
King Tiger Heavy Tank
Pioneer Squad
Pioneer Squad
WilllTHENOOBz
welnez
IJustDontCare
̶H̶e̶c̶t̶o̶r̶
con_007
Marowi
Adult Asthma Is A Choice
Not Emily Willis™
0
0
Comments
sign in to comment!
No comments posted yet!